 Dungeon Crawl Stone Soup version 0.22-a0-369-gc73351f (webtiles) character file.

53 JeffiDaFish the Firebug (level 3, 0/26 HPs)
             Began as a Draconian Fire Elementalist on Apr 24, 2018.
             Slain by an adder (4 damage)
             ... on level 2 of the Dungeon.
             The game lasted 00:05:30 (1048 turns).

JeffiDaFish the Firebug (DrFE)                      Turns: 1048, Time: 00:05:31

Health: 0/26       AC:  5    Str: 12    XL:     3   Next: 64%
Magic:  0/7        EV: 12    Int: 16    God:
Gold:   64         SH:  0    Dex: 11    Spells: 6/7 levels left

rFire    + . .     SeeInvis .   d - +1 whip
rCold    + . .     Gourm    .   (no shield)
rNeg     . . .     Faith    .   (armour unavailable)
rPois    +         Spirit   .   (helmet restricted)
rElec    +         Reflect  .   (no cloak)
rCorr    +         Harm     .   (no gloves)
MR       .....                  (no boots)
Stlth    ++........             (no amulet)
HPRegen  0.08/turn              c - +2 ring of strength
MPRegen  0.10/turn              (no ring)

@: lethally poisoned (0 -> -3), resistant (expiring), very slightly contaminated
A: unfitting armour, cold-blooded, AC +5
a: no special abilities


You were on level 2 of the Dungeon.
You were hungry.

You visited 1 branch of the dungeon, and saw 2 of its levels.

You collected 64 gold pieces.

Inventory:

Hand Weapons
 d - a +1 whip (weapon)
Jewellery
 c - a +2 ring of strength (left hand)
Scrolls
 e - 3 scrolls of remove curse
 f - a scroll of identify
Comestibles
 b - 3 rations


   Skills:
 + Level 2.1 Dodging
 - Level 1.7 Stealth
 * Level 2.7 Spellcasting
 * Level 2.1 Conjurations
 + Level 3.3 Fire Magic


You had 6 spell levels left.
You knew the following spells:

 Your Spells              Type           Power        Failure   Level  Hunger
a - Flame Tongue          Conj/Fire      ##...        6%          1    #......


Dungeon Overview and Level Annotations

Branches:
Dungeon (2/15)

Altars:
Gozag


Innate Abilities, Weirdness & Mutations

Your plain brown scales are hard. (AC +5)
You cannot fit into any form of body armour.
You are cold-blooded and may be slowed by cold attacks.


Message History

The adder poisons you! The adder bites you but does no damage.
You aren't carrying any potions.
* * * LOW HITPOINT WARNING * * *
You feel sick.
You see here a chunk of flesh.
* * * LOW HITPOINT WARNING * * *
You feel sick.
You start to feel less resistant.
* * * LOW HITPOINT WARNING * * *
You feel sick. The adder barely misses you.
* * * LOW HITPOINT WARNING * * *
You feel sick. The adder bites you but does no damage.
Casting: Flame Tongue (safe; 6% risk of failure)
Confirm with . or Enter, or press ? or * to list all spells.
Aiming: Flame Tongue (safe; 6% risk of failure)
Press: ? - help, Shift-Dir - straight line, f/p - adder
Aim: an adder (heavily wounded)
The flame tongue misses the adder.
The adder bites you.
You die...

#r# #. #g# #.# #%# #.#
#r# ..#.# ###.###
#.#.###g....##
#.#.##g8...8.#
#.#..#S......#
#.#..@..._.....#
#.#.##.......###
#.#..#.8...8.#
##########..####.....##
#.........#.# ###.###
#.........#..# ...
#.........##.# ...#
#.........# .. .#
#.........# #.#


You could see an adder, a hobgoblin, a goblin and a rat.

Vanquished Creatures
  3 gnolls (D:2)
  2 dart slugs (D:1)
  4 bats (D:1)
  3 goblins (D:1)
  A hobgoblin (D:2)
  4 kobolds
  3 frilled lizards
  3 rats (D:1)
23 creatures vanquished.

Notes
Turn   | Place    | Note
-------+----------+-------------------------------------------
     0 | D:1      | JeffiDaFish the Draconian Fire Elementalist began the quest for the Orb.
     0 | D:1      | Reached XP level 1. HP: 14/14 MP: 3/3
   257 | D:1      | Reached XP level 2. HP: 17/20 MP: 0/5
   261 | D:1      | Upgraded the game from 0.22-a0-368-g870eee8 to 0.22-a0-369-gc73351f
   682 | D:2      | Reached XP level 3. HP: 20/26 MP: 2/6
  1011 | D:2      | Found an opulent altar of Gozag.
  1048 | D:2      | Slain by an adder

Vault maps used:
D:1:      minmay_arrival_nine_rooms, minmay_misc_feat_square
D:2:      grunt_gozag_statues, first_ration, minmay_pentomino_s4

Skill      XL: |  1  2  3 |
---------------+----------+-----
Dodging        | 2 |  2.1
Conjurations   | 2 |  2.1
Stealth        | |  1.7
Spellcasting   | |  2.7
Fire Magic     | |  3.3

Action                   || total
-------------------------++-------
Melee: Whip              ||    42
       Tailslap          ||     1
 Cast: Flame Tongue      ||    32
  Use: Scroll            ||     4
       Potion            ||     3
Armor: Skin              ||    20
Dodge: Dodged            ||    42

Table legend:
 A = Spawn XP
 B = Non-spawn XP
 C = Spawn XP percentage of total XP
 D = Spawn monster count
 E = Non-spawn monster count
 F = Spawn count percentage of total count
 G = Total turns spent on level
                    A         B        C        D         E        F      G
               +---------+---------+-------+---------+---------+-------+---------
         Total |       0 |      77 |   0.0 |       0 |      23 |   0.0 |  1048
               +---------+---------+-------+---------+---------+-------+---------
           D:1 |       0 |      29 |   0.0 |       0 |      16 |   0.0 |   608
           D:2 |       0 |      48 |   0.0 |       0 |       7 |   0.0 |   440
               +---------+---------+-------+---------+---------+-------+---------
